[Event "Faroes Open 2018"]
[Site "Sandavagur"]
[Date "2018.07.10"]
[Round "5"]
[White "Jacobsen, Markus"]
[Black "Nielsen, Jón í Horni"]
[Result "0-1"]
[ECO "C57"]
[WhiteElo "1106"]
[BlackElo "1735"]
[Annotator "NA"]
[PlyCount "50"]
[EventDate "2018.07.07"]
[EventType "swiss"]
[EventCountry "FAI"]
[SourceTitle "playchess.com"]
[Source "ChessBase"]
[SourceQuality "1"]
[TimeControl "40/5400+30:900+30"]

1. e4 e5 2. Nf3 Nc6 3. Bc4 Nf6 4. Ng5 d5 5. exd5 Nd4 6. O-O h6 7. Nf3 Bg4 8. Nc3 Bd6 9. h3 Nxf3+ 10. gxf3 Bxh3 11. Re1 O-O 12. d3 Nh5 13. Ne4 Nf4 14. d4 Ng2 15. Re2 Nh4 16. Re3 exd4 17. Qxd4 c5 18. Nf6+ Qxf6 19. Qxf6 gxf6 20. Rb3 Kh8 21. f4 Rg8+ 22. Rg3 Nf3+ 23. Kh1 Rxg3 24. fxg3 Re8 25. Bd2 Nxd2 0-1

[Event "Faroes Open 2018"]
[Site "Sandavagur"]
[Date "2018.07.10"]
[Round "5"]
[White "Petersen, Elias"]
[Black "Fjallheim, Benjamin Reinert"]
[Result "1-0"]
[ECO "C54"]
[WhiteElo "1035"]
[BlackElo "1375"]
[Annotator "NA"]
[PlyCount "83"]
[EventDate "2018.07.07"]
[EventType "swiss"]
[EventCountry "FAI"]
[SourceTitle "playchess.com"]
[Source "ChessBase"]
[SourceQuality "1"]
[TimeControl "40/5400+30:900+30"]

1. e4 e5 2. Nf3 Nc6 3. Bc4 Bc5 4. c3 Nf6 5. d3 d6 6. h3 Be6 7. Bb5 Bd7 8. O-O Qe7 9. Re1 a6 10. Ba4 O-O-O 11. d4 exd4 12. cxd4 Bb6 13. Nc3 Rhe8 14. Nd5 Qf8 15. Nxf6 gxf6 16. Bf4 Qg7 17. Bg3 h5 18. Kh1 Rh8 19. Bh4 Rdg8 20. Rg1 Ne7 21. Bc2 Ng6 22. Qd2 Bg4 23. Bg3 Bd7 24. Bh4 Rh6 25. Bxf6 Qf8 26. Rae1 c6 27. d5 c5 28. Rc1 Bd8 29. Bxd8 Kxd8 30. Qa5+ Kc8 31. b4 Nf4 32. Bd1 Nd3 33. Rc2 Rhg6 34. bxc5 dxc5 35. e5 Kb8 36. d6 Bxh3 37. Nh4 Rg5 38. Qa3 Nf4 39. Bf3 Qg7 40. Qxc5 Nxg2 41. Qc7+ Ka7 42. Qxb7# 1-0

[Event "Faroes Open 2018"]
[Site "Sandavagur"]
[Date "2018.07.11"]
[Round "6"]
[White "Ziska, Helgi Dam"]
[Black "Nielsen, Høgni Egilstoft"]
[Result "1/2-1/2"]
[ECO "A00"]
[WhiteElo "2552"]
[BlackElo "2397"]
[Annotator "ChessBase"]
[PlyCount "109"]
[EventDate "2018.07.07"]
[EventType "swiss"]
[EventCountry "FAI"]
[SourceTitle "playchess.com"]
[Source "ChessBase"]
[SourceQuality "1"]
[TimeControl "40/5400+30:900+30"]

1. g3 Nf6 2. Bg2 d5 3. Nf3 h6 4. O-O Bf5 5. c4 c6 6. cxd5 cxd5 7. Qb3 Qb6 8. Qxb6 axb6 9. d3 e6 10. Nc3 Be7 11. Bf4 O-O 12. Nb5 Na6 13. Rfc1 Rfd8 14. Nfd4 Bg6 15. Nc7 Nxc7 16. Rxc7 Rd7 17. Rc2 Ne8 18. Bh3 Rdd8 19. a3 Bf6 20. Be3 Nd6 21. f4 Rdc8 22. Rac1 Kf8 23. Nf3 Rxc2 24. Rxc2 Rc8 25. Rxc8+ Nxc8 26. Ne5 Bxe5 27. fxe5 Ke7 28. Bd2 Na7 29. Bb4+ Ke8 30. Kf2 Bf5 31. g4 Bg6 32. Ke3 h5 33. Kf4 Nc6 34. Bd6 b5 35. g5 Nd4 36. Bf1 Nb3 37. Bb4 Kd7 38. Bf8 Kc6 39. Bxg7 b4 40. axb4 Kb5 41. Bf8 Nc1 42. Bc5 Nb3 43. Bd6 Nc1 44. e4 d4 45. Bc5 Nb3 46. Be2 Nc1 47. Bf1 Nb3 48. Kg3 Nxc5 49. bxc5 Kb4 50. Be2 Kb3 51. Bd1+ Kxb2 52. Ba4 Kc3 53. Bb5 Kb4 54. Ba6 Kxc5 55. Bxb7 1/2-1/2

[Event "Faroes Open 2018"]
[Site "Sandavagur"]
[Date "2018.07.11"]
[Round "6"]
[White "Narayanan, Srinath"]
[Black "Nakar, Eylon"]
[Result "1-0"]
[ECO "E10"]
[WhiteElo "2549"]
[BlackElo "2462"]
[Annotator "ChessBase"]
[PlyCount "79"]
[EventDate "2018.07.07"]
[EventType "swiss"]
[EventCountry "FAI"]
[SourceTitle "playchess.com"]
[Source "ChessBase"]
[SourceQuality "1"]
[TimeControl "40/5400+30:900+30"]

1. d4 Nf6 2. c4 e6 3. Nf3 d5 4. g3 Bb4+ 5. Bd2 Be7 6. Bg2 c6 7. O-O O-O 8. Qc2 Nbd7 9. a4 b6 10. Rc1 Bb7 11. a5 c5 12. a6 Bc6 13. cxd5 Bxd5 14. Nc3 Bc6 15. dxc5 bxc5 16. e4 Rb8 17. Bf4 Rb4 18. Nd2 h6 19. h3 g5 20. Be3 Ne5 21. b3 Qb8 22. Nd1 Rd8 23. Nb2 Nfd7 24. Ra2 Rc8 25. Qd1 Ba8 26. f4 Ng6 27. Nd3 Rb5 28. Qh5 gxf4 29. Nxf4 c4 30. Nxg6 Rxh5 31. Nxe7+ Kh7 32. Nxc8 Qxc8 33. Nxc4 Qb8 34. Rf2 Kg8 35. Rd1 Nc5 36. g4 Rg5 37. Rf4 Rxg4 38. Bxc5 Bxe4 39. Ne3 Rh4 40. Be7 1-0

[Event "Faroes Open 2018"]
[Site "Sandavagur"]
[Date "2018.07.11"]
[Round "6"]
[White "Jotic, Vladimir"]
[Black "Miezis, Normunds"]
[Result "0-1"]
[ECO "B40"]
[WhiteElo "2387"]
[BlackElo "2468"]
[Annotator "ChessBase"]
[PlyCount "68"]
[EventDate "2018.07.07"]
[EventType "swiss"]
[EventCountry "FAI"]
[SourceTitle "playchess.com"]
[Source "ChessBase"]
[SourceQuality "1"]
[TimeControl "40/5400+30:900+30"]

1. e4 c5 2. Nf3 e6 3. d3 Nc6 4. g3 g6 5. Bg2 Bg7 6. O-O Nge7 7. Re1 d6 8. c3 e5 9. a4 O-O 10. Na3 h6 11. Nc4 Be6 12. Nfd2 Rb8 13. Ne3 d5 14. exd5 Nxd5 15. Nec4 Qc7 16. Qe2 Rbd8 17. Nf3 Rfe8 18. Bd2 Bf5 19. Rad1 Nb6 20. Be3 Nxa4 21. Nh4 Be6 22. Ra1 b5 23. Na3 a6 24. Be4 f5 25. Bxc6 Qxc6 26. Nxg6 f4 27. Bxf4 exf4 28. Nxf4 Bc8 29. Qh5 Bb7 30. Rxe8+ Rxe8 31. Nd5 Nxb2 32. Nc2 Nxd3 33. Rd1 Qxd5 34. Qxe8+ Kh7 0-1

[Event "Faroes Open 2018"]
[Site "Sandavagur"]
[Date "2018.07.11"]
[Round "6"]
[White "Haubro, Martin"]
[Black "Fjallheim, Leif Reinert"]
[Result "1-0"]
[ECO "C80"]
[WhiteElo "2373"]
[BlackElo "1886"]
[Annotator "NA"]
[PlyCount "79"]
[EventDate "2018.07.07"]
[EventType "swiss"]
[EventCountry "FAI"]
[SourceTitle "playchess.com"]
[Source "ChessBase"]
[SourceQuality "1"]
[TimeControl "40/5400+30:900+30"]

1. e4 e5 2. Nf3 Nc6 3. Bb5 a6 4. Ba4 Nf6 5. O-O Nxe4 6. d4 exd4 7. Re1 d5 8. Nxd4 Bd6 $1 9. Nxc6 Bxh2+ $1 10. Kh1 Qh4 $1 {[%emt 0:01:00] C80: Open Ruy Lopez: Sidelines and 9 Nbd2} 11. Rxe4+ $1 dxe4 12. Qd8+ Qxd8 13. Nxd8+ Kxd8 14. Kxh2 Be6 $1 {[%emt 0:07:36] LiveBook: 43 Games} 15. Nc3 (15. Be3 $14 f5 16. Nc3 Kc8 17. Re1 Rf8 18. g4 fxg4 19. Nxe4 Bxa2 {1-0 (42) Quesada Perez,Y (2624)-Sarkar,J (2375) Philadelphia 2017}) 15... f5 ({Black should play} 15... c5 $1 $15) 16. Bf4 Kc8 $146 {[%emt 0:10:19] [#]} ({Predecessor:} 16... c6 17. Ne2 Bd5 18. Nd4 {1-0 (62) Nowak,I (2327)-Campoy Moreno,A (2370) ICCF email 2006}) 17. g4 (17. Bb3 $1 $16 Bxb3 18. cxb3) 17... g6 (17... fxg4 $14 18. Nxe4 Rf8) 18. gxf5 gxf5 19. Ne2 (19. Bb3 $16 Bxb3 20. cxb3) 19... c5 20. c3 Rg8 21. Bd6 b5 22. Bd1 c4 23. a4 Kd7 24. Bf4 $16 Rg4 25. axb5 Rh4+ 26. Kg3 Rh5 27. Kg2 Rg8+ 28. Bg3 Rh4 29. Rxa6 f4 30. Ra7+ Kd6 31. Nxf4 Rxf4 32. Kh2 Rxg3 33. Kxg3 Rf7 34. Rxf7 Bxf7 35. Kf4 Bd5 36. Bh5 Ke7 37. Ke5 Bb7 38. Be2 Kf7 39. Bxc4+ Kg6 40. Bd5 1-0

[Event "Faroes Open 2018"]
[Site "Sandavagur"]
[Date "2018.07.11"]
[Round "6"]
[White "Nilssen, John Arni"]
[Black "Kristiansen, Jens"]
[Result "1/2-1/2"]
[ECO "A10"]
[WhiteElo "2301"]
[BlackElo "2380"]
[Annotator "NA"]
[PlyCount "104"]
[EventDate "2018.07.07"]
[EventType "swiss"]
[EventCountry "FAI"]
[SourceTitle "playchess.com"]
[Source "ChessBase"]
[SourceQuality "1"]
[TimeControl "40/5400+30:900+30"]

1. c4 f5 2. g3 Nf6 3. Bg2 e5 4. Nc3 Bb4 5. Qc2 Bxc3 6. Qxc3 d6 7. d3 {[%emt 0:06:35] LiveBook: 4 Games} O-O 8. Nf3 Nc6 9. O-O a5 10. d4 e4 11. Ne1 d5 12. Nc2 Be6 13. b3 Qd7 14. f3 Rad8 15. Bg5 dxc4 $11 16. fxe4 Nxd4 17. Nxd4 Qxd4+ 18. Qxd4 Rxd4 19. exf5 Bd5 20. Bxf6 Rxf6 21. Rf4 Rd2 22. Bxd5+ Rxd5 23. Rxc4 Rdxf5 24. Rxc7 Re5 25. Re1 b5 26. Ra7 b4 27. Rf1 Rxe2 28. Rxf6 gxf6 29. Rxa5 Kg7 30. Ra4 Kg6 31. Rxb4 Rxa2 32. Rh4 h5 33. Kf1 Kg5 34. b4 f5 35. Kg1 Rb2 36. Rc4 Kf6 37. Rc6+ Kg5 38. Rc4 Kf6 39. h4 Ke5 40. Kf1 Kd5 41. Rc5+ Ke4 42. b5 Rb3 43. Kf2 Rf3+ 44. Kg2 Rb3 45. Rc4+ Ke5 46. Rc5+ Ke4 47. Kh3 Rb2 48. Rc4+ Ke5 49. Rc8 Rxb5 50. Rh8 Rb3 51. Rxh5 Kf6 52. Kg2 Rb2+ 1/2-1/2

[Event "Faroes Open 2018"]
[Site "Sandavagur"]
[Date "2018.07.11"]
[Round "6"]
[White "Nilssen, Ellen Fredericia"]
[Black "Simonsen, Hans Kristian"]
[Result "0-1"]
[ECO "E61"]
[WhiteElo "2152"]
[BlackElo "2150"]
[Annotator "NA"]
[PlyCount "68"]
[EventDate "2018.07.07"]
[EventType "swiss"]
[EventCountry "FAI"]
[SourceTitle "playchess.com"]
[Source "ChessBase"]
[SourceQuality "1"]
[TimeControl "40/5400+30:900+30"]

1. d4 Nf6 2. c4 g6 3. Nc3 Bg7 4. Bg5 h6 {[%emt 0:00:13] LiveBook: 84 Games} 5. Bh4 c5 {[%emt 0:00:25] E61: King's Indian: Early deviations for White, including Smyslov System} 6. d5 (6. e3 O-O 7. Nf3 cxd4 8. exd4 g5 9. Bg3 d5 10. h4 g4 11. Ne5 Nc6 12. Nxc6 bxc6 13. Be5 Be6 14. c5 Rb8 15. Qc2 Nh5 16. Bxg7 Nxg7 {0-1 (57) Ivanisevic,I (2619)-Topalov,V (2774) Kozloduy 2013}) 6... Qa5 7. Qd2 g5 8. Bg3 Nh5 9. e4 $146 ({Predecessor:} 9. Bxb8 Rxb8 10. h4 g4 11. e3 a6 12. Bd3 b5 13. Nge2 {½-½ (32) Bjork,C (2475)-Schuetz,I (2294) Sweden 2001}) 9... Nxg3 10. hxg3 d6 11. Bd3 Na6 12. Nge2 Nb4 13. a3 Nxd3+ 14. Qxd3 Bd7 15. O-O a6 16. b4 Qc7 17. Rab1 cxb4 18. Rxb4 Rc8 19. Rfb1 Rb8 20. Nd1 O-O 21. Ne3 b5 $11 22. cxb5 Rxb5 23. Nd4 Bxd4 24. Qxd4 Rc8 25. Rxb5 axb5 26. Rb3 Qc1+ 27. Kh2 Qe1 28. Nf5 Bxf5 29. exf5 Rc1 30. g4 Qh1+ 31. Kg3 Rc4 32. Qd3 Qh4+ 33. Kf3 Rf4+ 34. Ke3 Qxf2# 0-1

[Event "Faroes Open 2018"]
[Site "Sandavagur"]
[Date "2018.07.11"]
[Round "6"]
[White "Nielsen, Torkil"]
[Black "Esteve Sanchez, Sergio"]
[Result "1-0"]
[ECO "B22"]
[WhiteElo "2115"]
[BlackElo "1994"]
[Annotator "NA"]
[PlyCount "51"]
[EventDate "2018.07.07"]
[EventType "swiss"]
[EventCountry "FAI"]
[SourceTitle "playchess.com"]
[Source "ChessBase"]
[SourceQuality "1"]
[TimeControl "40/5400+30:900+30"]

1. e4 c5 2. c3 d5 3. exd5 Qxd5 4. d4 Nf6 5. Nf3 Bg4 {[%emt 0:00:50] LiveBook: 2042 Games} 6. Be2 Nc6 7. O-O e6 8. h3 Bh5 9. Qa4 cxd4 10. cxd4 Bxf3 11. Bxf3 Qd7 12. Nc3 Be7 13. d5 $14 exd5 14. Rd1 d4 15. Be3 O-O 16. Bxd4 Nxd4 17. Rxd4 Qxa4 18. Rxa4 a5 19. Nb5 Ra6 20. a3 Rd8 21. Rc1 Re6 22. Rxa5 b6 23. Ra7 Bc5 24. b4 Bd4 25. Nxd4 Rxd4 26. Rc8+ 1-0

[Event "Faroes Open 2018"]
[Site "Sandavagur"]
[Date "2018.07.11"]
[Round "6"]
[White "Maroroa, Sue"]
[Black "Nielsen, Rógvi Egilstoft"]
[Result "0-1"]
[ECO "B01"]
[WhiteElo "2104"]
[BlackElo "2337"]
[Annotator "NA"]
[PlyCount "140"]
[EventDate "2018.07.07"]
[EventType "swiss"]
[EventCountry "FAI"]
[SourceTitle "playchess.com"]
[Source "ChessBase"]
[SourceQuality "1"]
[TimeControl "40/5400+30:900+30"]

1. e4 d5 2. exd5 Nf6 3. d4 Bg4 4. Bb5+ Nbd7 5. Be2 Bxe2 6. Qxe2 Nxd5 7. Nf3 {[%emt 0:01:03] LiveBook: 17 Partien B01: Scandinavian Defence} g6 (7... e6 8. O-O c6 9. c4 N5f6 10. Nc3 Be7 11. d5 cxd5 12. cxd5 Nxd5 13. Nxd5 exd5 14. Re1 Nf6 {1-0 (42) Coenen,M (2435)-Vandevoort,P (2376) Belgium 2016}) 8. O-O Bg7 9. c4 N5b6 10. Nc3 c6 $146 ({Predecessor:} 10... O-O 11. c5 Nc8 12. Qb5 Rb8 13. Bf4 e6 14. Rfd1 Ne7 {1-0 (51) Gimenez Martinez,A (2184)-Palacios Latasa,E (2238) Aragon 2016}) 11. Bg5 Nf6 12. Rfe1 h6 13. Bh4 g5 14. Bg3 Nh5 15. Be5 f6 16. Bg3 $1 Nxg3 17. hxg3 $16 O-O 18. Qxe7 Rf7 19. Qe2 g4 20. Nh4 Qxd4 21. c5 Qxc5 22. Qxg4 f5 23. Qf4 Qc4 24. Rac1 Rd8 25. Qe3 f4 26. gxf4 Qxf4 27. Nf3 Qxe3 28. Rxe3 a5 29. Ne5 Rf5 30. Ng6 Rf7 31. Ne5 Rf5 32. Ng6 Kh7 33. Nh4 Rf7 34. Nf3 Rfd7 35. Re2 Rd3 36. Re7 R8d7 37. Rxd7 Nxd7 38. Rd1 Nc5 39. Ne1 Rd4 40. Rxd4 Bxd4 41. Nd1 Na4 42. b3 Nc5 43. Nc2 Bf6 44. Kf1 a4 45. bxa4 Nxa4 46. Ke2 Kg6 47. Kd3 Kf5 48. Nde3+ Ke6 49. Nd4+ Bxd4 50. Kxd4 b5 51. f4 c5+ 52. Kd3 h5 53. g3 Kf6 54. Nd5+ Kf5 55. Ne3+ Ke6 56. Nd1 Nb6 57. Nc3 b4 58. Ne4 c4+ 59. Kd4 c3 60. a3 c2 61. Nc5+ Kf5 62. Nd3 bxa3 63. Nc1 Kg4 64. Kd3 Kxg3 65. f5 h4 66. Kxc2 h3 67. Ne2+ Kf2 68. Nc3 h2 69. Ne4+ Kf3 70. Nd2+ Kf4 0-1

[Event "Faroes Open 2018"]
[Site "Sandavagur"]
[Date "2018.07.11"]
[Round "6"]
[White "Hruby, Milan"]
[Black "Fruehauf, Norbert"]
[Result "1/2-1/2"]
[ECO "A41"]
[WhiteElo "2031"]
[BlackElo "1958"]
[Annotator "NA"]
[PlyCount "68"]
[EventDate "2018.07.07"]
[EventType "swiss"]
[EventCountry "FAI"]
[SourceTitle "playchess.com"]
[Source "ChessBase"]
[SourceQuality "1"]
[TimeControl "40/5400+30:900+30"]

1. d4 d6 2. c4 e5 3. d5 f5 4. Nc3 Nf6 5. f3 {[%emt 0:01:39] A41: 1 d4 d6: Tartakower System and Modern Defence} (5. g3 g6 6. Bg2 Bg7 7. e4 O-O 8. Nge2 fxe4 9. Nxe4 Nxe4 10. Bxe4 Bh3 11. Be3 Nd7 12. Nc3 Nf6 13. Bf3 e4 {0-1 (24) Golichenko,I (2413)-Mamedov,R (2689) Lvov 2017}) 5... Nbd7 6. e4 fxe4 $146 ({Predecessor:} 6... f4 7. Bd2 Be7 8. Qc2 a5 9. O-O-O Nc5 10. g3 g5 11. gxf4 gxf4 12. Bh3 Rg8 13. Bxc8 Qxc8 {0-1 (95) Suleymanli,R-Petrosyan,M (1780) Vung Tau 2008}) 7. fxe4 Be7 8. Nf3 Nc5 9. Bd3 a5 10. O-O Bg4 11. b3 O-O 12. Rb1 h6 13. a3 b6 14. b4 ({White should try} 14. Bc2 $14) 14... axb4 15. axb4 Ncd7 16. Qb3 Nh7 17. Be2 Bxf3 18. Bxf3 Bg5 19. Ne2 Bxc1 20. Rbxc1 $15 Qg5 21. Ng3 g6 22. Ra1 Qd2 23. Rad1 Qg5 24. Ra1 Nhf6 25. Ra3 Ng4 26. Rxa8 Rxa8 27. Bxg4 Qxg4 28. Qe3 Kg7 29. c5 bxc5 30. bxc5 Nf6 31. cxd6 cxd6 32. Qb6 Qd7 33. Rc1 Ne8 34. h3 Qa7 1/2-1/2

[Event "Faroes Open 2018"]
[Site "Sandavagur"]
[Date "2018.07.11"]
[Round "6"]
[White "Haubro, Siv"]
[Black "Nielsen, Suni í Horni"]
[Result "1-0"]
[ECO "C50"]
[WhiteElo "1780"]
[BlackElo "1487"]
[Annotator "NA"]
[PlyCount "51"]
[EventDate "2018.07.07"]
[EventType "swiss"]
[EventCountry "FAI"]
[SourceTitle "playchess.com"]
[Source "ChessBase"]
[SourceQuality "1"]
[TimeControl "40/5400+30:900+30"]

1. e4 e5 2. Nf3 Nc6 3. Bc4 Bc5 4. O-O d6 5. h3 Nf6 6. Re1 O-O 7. c3 h6 8. Bb3 Re8 9. Bc2 Ne7 10. d4 exd4 11. cxd4 Bb4 12. Nc3 Ng6 13. e5 dxe5 14. Bxg6 Bxc3 15. Bxf7+ Kxf7 16. Nxe5+ Kg8 17. bxc3 Be6 18. Qf3 Bd5 19. Qf5 Rf8 20. Ba3 Re8 21. Qg6 c6 22. Bc1 Nd7 23. Bxh6 Qf6 24. Qxf6 Nxf6 25. Bf4 Ne4 26. c4 1-0

[Event "Faroes Open 2018"]
[Site "Sandavagur"]
[Date "2018.07.11"]
[Round "6"]
[White "Nielsen, Jón í Horni"]
[Black "Olsen, Kaj"]
[Result "1/2-1/2"]
[ECO "C47"]
[WhiteElo "1735"]
[BlackElo "1696"]
[Annotator "NA"]
[PlyCount "61"]
[EventDate "2018.07.07"]
[EventType "swiss"]
[EventCountry "FAI"]
[SourceTitle "playchess.com"]
[Source "ChessBase"]
[SourceQuality "1"]
[TimeControl "40/5400+30:900+30"]

1. e4 e5 2. Nf3 Nf6 3. Nc3 Nc6 4. d3 d5 5. exd5 Nxd5 6. Nxd5 Qxd5 7. Be2 Bc5 8. O-O O-O 9. Bd2 Be6 10. Ng5 Bf5 11. Bf3 Qd7 12. Be3 Bb6 13. Ne4 Rab8 14. Bxb6 axb6 15. Ng3 Bg6 16. Bxc6 Qxc6 17. f4 exf4 18. Rxf4 Rfe8 19. Rc4 Qf6 20. Rc3 c6 21. Qg4 Re7 22. Rf1 Qe6 23. Qxe6 Rxe6 24. Rc4 Rd8 25. Rcf4 f6 26. h4 h6 27. Rg4 Kf7 28. h5 Bh7 29. Rb4 c5 30. Rbf4 Ra8 31. a4 1/2-1/2

[Event "Faroes Open 2018"]
[Site "Sandavagur"]
[Date "2018.07.11"]
[Round "6"]
[White "Djurhuus, Arant"]
[Black "Joensen, Hans Petur"]
[Result "1-0"]
[ECO "D00"]
[WhiteElo "1703"]
[BlackElo "1627"]
[Annotator "NA"]
[PlyCount "63"]
[EventDate "2018.07.07"]
[EventType "swiss"]
[EventCountry "FAI"]
[SourceTitle "playchess.com"]
[Source "ChessBase"]
[SourceQuality "1"]
[TimeControl "40/5400+30:900+30"]

1. d4 d5 2. Bf4 Bf5 3. c4 c6 4. Nc3 e6 5. Qb3 Qb6 6. c5 Qxb3 7. axb3 Nd7 8. e3 Ngf6 9. b4 Nh5 10. b5 Nxf4 11. exf4 Be7 12. Nf3 O-O 13. b4 f6 14. bxc6 bxc6 15. Nh4 Bg6 16. Nxg6 hxg6 17. Bd3 Kf7 18. O-O e5 19. fxe5 fxe5 20. dxe5 Nxe5 21. Bc2 Bf6 22. Ra6 Nc4 23. Na2 Rfe8 24. Ba4 Re2 25. Bxc6 Rd8 26. Rxa7+ Ke6 27. Bb5 Bd4 28. Nc1 Rb2 29. Nd3 Rd2 30. Nf4+ Kf5 31. Rf7+ Kg4 32. h3+ 1-0

[Event "Faroes Open 2018"]
[Site "Sandavagur"]
[Date "2018.07.11"]
[Round "6"]
[White "Gregersen, Einar"]
[Black "Jacobsen, Markus"]
[Result "1-0"]
[ECO "C00"]
[WhiteElo "1665"]
[BlackElo "1106"]
[Annotator "NA"]
[PlyCount "55"]
[EventDate "2018.07.07"]
[EventType "swiss"]
[EventCountry "FAI"]
[SourceTitle "playchess.com"]
[Source "ChessBase"]
[SourceQuality "1"]
[TimeControl "40/5400+30:900+30"]

1. e4 e6 2. b3 Nc6 3. Bb2 d5 4. g4 Nf6 5. Bg2 Bc5 6. Qe2 Nd4 7. Bxd4 Bxd4 8. c3 Bb6 9. e5 Nd7 10. d4 Qg5 11. Nd2 c5 12. h4 Qe7 13. Ngf3 cxd4 14. cxd4 Ba5 15. O-O Bxd2 16. Qxd2 Nf8 17. h5 h6 18. Rfc1 Nh7 19. Rc2 O-O 20. Rac1 Ng5 21. Ne1 Ne4 22. Bxe4 dxe4 23. Qe3 Qh4 24. Qxe4 Rb8 25. Nf3 Qh3 26. Rc3 Bd7 27. Ng5 Qh1+ 28. Qxh1 1-0

[Event "Faroes Open 2018"]
[Site "Sandavagur"]
[Date "2018.07.11"]
[Round "6"]
[White "Petersen, Gutti"]
[Black "Fjallheim, Benjamin Reinert"]
[Result "1-0"]
[ECO "C68"]
[WhiteElo "1596"]
[BlackElo "1375"]
[Annotator "NA"]
[PlyCount "149"]
[EventDate "2018.07.07"]
[EventType "swiss"]
[EventCountry "FAI"]
[SourceTitle "playchess.com"]
[Source "ChessBase"]
[SourceQuality "1"]
[TimeControl "40/5400+30:900+30"]

1. e4 e5 2. Nf3 Nc6 3. Bb5 a6 4. Bxc6 dxc6 5. d3 Bd6 6. Be3 Nf6 7. Nbd2 Be6 8. Qe2 Ng4 9. h3 Nxe3 10. Qxe3 c5 11. Nc4 f6 12. Ncd2 h6 13. Qe2 Qd7 14. b3 Qf7 15. Nh2 Qg6 16. f3 h5 17. O-O-O Qg5 18. Kb1 g6 19. Nhf1 Rb8 20. h4 Qh6 21. Ne3 b5 22. Ka1 Qg7 23. c4 b4 24. Kb1 a5 25. g4 a4 26. Rdg1 axb3 27. axb3 Ra8 28. Kb2 c6 29. Qg2 Kf7 30. Qh3 Ra6 31. Ra1 Rha8 32. Rxa6 Rxa6 33. Rg1 Qh6 34. Re1 Qh8 35. Qh1 Qa8 36. Ra1 Rxa1 37. Qxa1 Qxa1+ 38. Kxa1 hxg4 39. fxg4 Bf8 40. Nf3 Bd6 41. Kb2 Kg7 42. Kc2 Be7 43. Kd2 Kh6 44. Ke2 Bc8 45. Kf2 Be6 46. Kg3 Bc8 47. Nd1 Bd6 48. Nf2 Be7 49. Nh3 Be6 50. g5+ Kg7 51. gxf6+ Kxf6 52. Nhg5 Bd6 53. Nxe6 Kxe6 54. Kg4 Be7 55. h5 gxh5+ 56. Kxh5 Kf6 57. Nh4 Bd6 58. Nf5 Bf8 59. Ne3 Bd6 60. Ng4+ Kf7 61. Kg5 Ke6 62. Kg6 Be7 63. Nh6 Bh4 64. Nf7 Be1 65. Ng5+ Ke7 66. Kf5 Bc3 67. Ne6 Kd6 68. Kf6 Bb2 69. Nd8 Bc3 70. Nb7+ Kc7 71. Nxc5 Kd6 72. Ne6 c5 73. Nd8 Bd4 74. Nf7+ Kd7 75. Kf5 1-0

[Event "Faroes Open 2018"]
[Site "Sandavagur"]
[Date "2018.07.11"]
[Round "6"]
[White "Tummasarson, Flóvin Matras"]
[Black "Petersen, Elias"]
[Result "1-0"]
[ECO "C53"]
[WhiteElo "1237"]
[BlackElo "1035"]
[Annotator "NA"]
[PlyCount "83"]
[EventDate "2018.07.07"]
[EventType "swiss"]
[EventCountry "FAI"]
[SourceTitle "playchess.com"]
[Source "ChessBase"]
[SourceQuality "1"]
[TimeControl "40/5400+30:900+30"]

1. e4 e5 2. Nf3 Nc6 3. Bc4 Bc5 4. c3 d6 5. d4 Bb6 6. Be3 Bg4 7. d5 Nce7 8. Bxb6 axb6 9. Nbd2 Nf6 10. Qc2 O-O 11. h3 Bh5 12. O-O h6 13. Rfe1 c6 14. dxc6 bxc6 15. Bb3 Bg6 16. Qc1 Qc7 17. c4 Nd7 18. Qc3 Kh8 19. Bc2 f5 20. Nh4 Bh7 21. exf5 Bxf5 22. Bxf5 Nxf5 23. Ng6+ Kg8 24. Nxf8 Rxf8 25. Ne4 Nd4 26. Rac1 Nf6 27. f4 Nh5 28. fxe5 dxe5 29. Ng3 Nf4 30. Qe3 Re8 31. Rf1 Re7 32. Rcd1 c5 33. Qe4 Kh8 34. Rde1 Kg8 35. Rxf4 exf4 36. Qxe7 Qxe7 37. Rxe7 fxg3 38. Rb7 Nc2 39. Rxb6 Nb4 40. a4 Kf7 41. Rxb4 cxb4 42. a5 1-0

[Event "Faroes Open 2018"]
[Site "Sandavagur"]
[Date "2018.07.12"]
[Round "7"]
[White "Nielsen, Hogni Egilstoft"]
[Black "Nielsen, Rogvi Egilstoft"]
[Result "1/2-1/2"]
[ECO "C42"]
[WhiteElo "2397"]
[BlackElo "2337"]
[Annotator "NA"]
[PlyCount "62"]
[EventDate "2018.07.07"]
[EventType "swiss"]
[EventCountry "FAI"]
[SourceTitle "playchess.com"]
[Source "ChessBase"]
[SourceQuality "1"]
[TimeControl "40/5400+30:900+30"]

1. e4 e5 2. Nf3 Nf6 3. Nxe5 d6 4. Nf3 Nxe4 5. Nc3 Nxc3 6. dxc3 Be7 7. Bd3 Nd7 8. Be3 {[%emt 0:05:33] LiveBook: 11 Partien} Nc5 9. Be2 O-O 10. Qd5 Bg4 11. O-O c6 12. Qd1 $11 Ne6 13. Nd4 Bxe2 14. Qxe2 Nxd4 15. Bxd4 Bf6 16. Bxf6 Qxf6 17. Rfe1 Rab8 18. Rad1 d5 19. Rd3 h6 20. Rf3 Qd8 21. Qe7 Qxe7 22. Rxe7 f6 23. Rfe3 Rf7 24. Kf1 Kf8 25. R7e6 Rd7 26. Ke2 Rbd8 27. Kf3 Rd6 28. Re7 R6d7 29. R7e6 Rd6 30. Re7 R6d7 31. R7e6 Rd6 1/2-1/2

[Event "Faroes Open 2018"]
[Site "Sandavagur"]
[Date "2018.07.12"]
[Round "7"]
[White "Kristiansen, Jens"]
[Black "Haubro, Martin"]
[Result "0-1"]
[ECO "A57"]
[WhiteElo "2380"]
[BlackElo "2373"]
[Annotator "NA"]
[PlyCount "74"]
[EventDate "2018.07.07"]
[EventType "swiss"]
[EventCountry "FAI"]
[SourceTitle "playchess.com"]
[Source "ChessBase"]
[SourceQuality "1"]
[TimeControl "40/5400+30:900+30"]

1. d4 Nf6 2. c4 c5 3. d5 b5 4. cxb5 a6 5. e3 g6 6. Nc3 Bg7 7. Nf3 O-O 8. a4 Bb7 9. e4 {[%emt 0:03:17] LiveBook: 32 Games} e6 10. dxe6 fxe6 11. Bg5 Qa5 12. Bd2 Qc7 13. Bd3 d5 14. Ng5 $14 Re8 15. b3 h6 16. Nh3 d4 17. Ne2 Bxe4 18. Bxe4 Nxe4 19. Rc1 axb5 20. axb5 Qd7 21. Ng3 Nxd2 22. Qxd2 Qxb5 23. Ne4 Qxb3 24. Nxc5 Qb5 25. Nf4 Na6 26. Nxa6 Rxa6 27. Qd3 Qa5+ 28. Kf1 e5 29. Nxg6 e4 30. Qc4+ Kh7 31. Nf4 Qd2 32. Re1 Ra2 33. Qe2 e3 34. fxe3 dxe3 35. g3 Re4 36. h4 Bc3 37. Rd1 Rxf4+ 0-1

[Event "Faroes Open 2018"]
[Site "Sandavagur"]
[Date "2018.07.12"]
[Round "7"]
[White "Simonsen, Hans Kristian"]
[Black "Jotic, Vladimir"]
[Result "1/2-1/2"]
[ECO "B30"]
[WhiteElo "2150"]
[BlackElo "2387"]
[Annotator "NA"]
[PlyCount "114"]
[EventDate "2018.07.07"]
[EventType "swiss"]
[EventCountry "FAI"]
[SourceTitle "playchess.com"]
[Source "ChessBase"]
[SourceQuality "1"]
[TimeControl "40/5400+30:900+30"]

1. e4 c5 2. Nf3 Nc6 3. Bb5 e6 4. Bxc6 bxc6 5. O-O Ne7 6. Re1 {[%emt 0:07:59] LiveBook: 34 Games} Ng6 7. d4 d5 8. exd5 cxd5 9. Nc3 Bb7 10. Bg5 Be7 11. Bxe7 Qxe7 12. Qd2 O-O 13. Rad1 Rfc8 14. Qe3 $15 Rab8 15. h4 Nxh4 16. Nxh4 Qxh4 17. dxc5 Qb4 18. Qe5 Qxc5 19. Re3 Ba8 20. Rd4 Rb4 21. Ne2 Rxb2 22. Rg3 Rb1+ 23. Kh2 Qf8 24. Nf4 g6 25. Nh5 f6 26. Nxf6+ Kf7 27. Nxh7 Qh8 28. Qf4+ Ke7 29. Rh3 e5 30. Qg5+ Kd6 31. Qxg6+ Kc7 32. Rc3+ Kb7 33. Qf7+ Kb8 34. Rdd3 Rb7 35. Rxc8+ Qxc8 36. Qh5 Qxc2 37. Qe8+ Qc8 38. Qxe5+ Qc7 39. Qxc7+ Rxc7 40. Ng5 Rc2 41. f4 Rxa2 42. Kh3 Kc7 43. g4 Kd6 44. Nf3 Bc6 45. f5 Bd7 46. Kh4 a5 47. Rd4 Ra4 48. Rxa4 Bxa4 49. g5 Bd7 50. Nd4 Ke5 51. f6 Be8 52. Nc6+ Kf4 53. Nxa5 d4 54. Nc4 d3 55. Nb2 d2 56. Nd1 Kf3 57. Nc3 Bg6 1/2-1/2